 Dungeon Crawl Stone Soup version 0.28.0-53-g5a82cb258f (webtiles) character file.

Game seed: 8286144584790320070

954 Zeld the Magician (level 7, 0/59 HPs)
             Began as a Grey Draconian Transmuter on June 3, 2022.
             Was an Initiate of Gozag.
             Succumbed to a killer bee's poison
             ... on level 5 of the Dungeon.
             The game lasted 00:05:42 (6532 turns).

Zeld the Magician (Grey Draconian Transmuter)       Turns: 6532, Time: 00:05:43

Health: 0/59       AC: 11    Str: 14    XL:     7   Next: 91%
Magic:  10/15      EV: 12    Int: 13    God:    Gozag
Gold:   390        SH:  0    Dex: 12    Spells: 0/16 levels left

rFire   . . .      SeeInvis .     - Unarmed
rCold   . . .      Faith    .   (no shield)
rNeg    . . .      Spirit   .   (armour unavailable)
rPois   .          Reflect  .   (helmet restricted)
rElec   .          Harm     .   (no cloak)
rCorr   .          Rampage  .   (no gloves)
Will    .....                   (no boots)
Stlth   ++........              (no amulet)
HPRegen 0.19/turn               (no ring)
MPRegen 0.14/turn               (no ring)

@: lethally poisoned (0 -> -16), gold aura, attractive
A: AC +11, amphibious, unfitting armour, cold-blooded
a: Renounce Religion, Potion Petition, Call Merchant, Bribe Branch


You were on level 5 of the Dungeon.
You worshipped Gozag.
Gozag was aware of your devotion.
You visited 2 branches of the dungeon, and saw 6 of its levels.

You collected 441 gold pieces.
You paid 51 gold pieces to Gozag.

Inventory:

Scrolls
 a - a scroll of summoning {unknown}
 c - 2 scrolls of fear {unknown}
 e - 3 scrolls of identify {unknown}
 h - a scroll of blinking {unknown}
 i - a scroll of teleportation {unknown}
Potions
 d - a potion of attraction
 f - a potion of heal wounds {unknown}
 g - a potion of resistance {unknown}
 j - a potion of berserk rage {unknown}


   Skills:
 + Level 4.2 Fighting
 - Level 1.7 Dodging
 + Level 2.1 Stealth
 - Level 3.0 Unarmed Combat
 * Level 5.4 Spellcasting
 + Level 0.6 Conjurations
 + Level 4.2 Transmutations
 + Level 1.1 Fire Magic
 - Level 2.0 Ice Magic
 + Level 0.5 Air Magic
 - Level 2.0 Poison Magic


You couldn't memorise any spells.
You knew the following spells:

 Your Spells              Type           Power      Damage    Failure   Level
a - Beastly Appendage     Tmut           28%        N/A       3%          1
b - Wereblood             Tmut           14%        N/A       4%          2
c - Spider Form           Tmut/Pois      11%        N/A       16%         3
d - Ice Form              Ice/Tmut       11%        N/A       45%         4
q - Mephitic Cloud        Conj/Pois/Air  6%         N/A       34%         3
w - Ignite Poison         Fire/Tmut/Pois 9%         N/A       21%         3

Your spell library contained the following spells:

 Spells                   Type           Power      Damage    Failure   Level
 Freezing Cloud           Conj/Ice/Air   3%         6-21      97%         5


Dungeon Overview and Level Annotations

Branches:
Dungeon (5/15)             Temple (1/1) D:4

Altars:
Ashenzari
Cheibriados
Dithmenos
Elyvilon
Fedhas
Gozag
Hepliaklqana
Kikubaaqudgha
Makhleb
Nemelex Xobeh
Okawaru
Qazlal
Ru
Sif Muna
Trog
Uskayaw
Vehumet
Wu Jian
Xom
Yredelemnul
Zin
The Shining One

Shops:
D:4 [

Annotations:
D:5 2 transporters, Zeld's ghost, novice FoFi


Innate Abilities, Weirdness & Mutations

Your dull iron-grey scales are very hard. (AC +11)
You are amphibious.
You cannot fit into any form of body armour.
You are cold-blooded and may be slowed by cold attacks.


Message History

Confirm with . or Enter, or press ? or * to list all spells.
The spell is quite dangerous to miscast (67% risk of failure)!
Continue anyway?
Your transformation has ended.
You turn into a creature of crystalline ice.
You feel very sick. The killer bee stings you.
The killer bee stings you but does no damage.
You hit the killer bee. You freeze the killer bee.
You kill the killer bee!
You feel very sick. The killer bee misses you.
Your Fire Magic skill increases to level 1!
You punch the killer bee! You freeze the killer bee.
The killer bee is heavily wounded.
You feel very sick. The killer bee stings you.
* * * LOW HITPOINT WARNING * * *
The killer bee completely misses you.
You miss the killer bee.
The killer bee is heavily wounded.
* * * LOW HITPOINT WARNING * * *
You feel very sick. The killer bee misses you.
Zeld's ghost ripples.
The killer bee closely misses you.
It was a potion of attraction.
You feel attractive to monsters.
* * * LOW HITPOINT WARNING * * *
You feel very sick. The killer bee stings you!
* * * LOW HITPOINT WARNING * * *
You are more poisoned.
The killer bee poisons you!
The killer bee stings you but does no damage.
It was a potion of cancellation.
Your magical effects are unravelling.
You feel magically purged.
You warm up again.
You die...
Your body crumbles into a pile of gold.

#..................# #
######.#.###.#####.#######
#.#.###.............#
#.#..........©.......
#>.......#########...
#.####..##8../$.8##..
#...##..#........©#..
#...##y.#.........#..
#...@yy.#W........#..
#...##..#D...©....#..
######..#n........#..
#y.#h....W...#.. #..#.....
#y.##8..[ #...#####
........© #.........


You could see an acid dragon, a necrophage, a hound, 3 killer bees and Zeld's
ghost.

Vanquished Creatures
  A yak (D:4)
  2 black bears
  A kobold brigand (D:4)
  2 scorpions
  A killer bee (D:5)
  A hound (D:5)
  An orc priest (D:4)
  A bullfrog skeleton (D:4)
  Jessica (D:2)
  An iguana (D:4)
  4 orc wizards
  A hound skeleton (D:4)
  3 gnolls (D:5)
  2 howler monkey skeletons
  A shadow imp (D:5)
  A worm (D:3)
  A dart slug (D:1)
  13 orcs
  8 endoplasms
  3 giant cockroaches
  4 goblins
  4 hobgoblins
  6 jackals (D:1)
  4 kobolds
  2 quokkas
  3 ball pythons
  4 bats
  3 frilled lizards
  8 rats
87 creatures vanquished.

Notes
Turn   | Place    | Note
-------+----------+-------------------------------------------
     0 | D:1      | Zeld the Draconian Transmuter began the quest for the Orb.
     0 | D:1      | Reached XP level 1. HP: 16/16 MP: 3/3
   180 | D:1      | Reached XP level 2. HP: 20/23 MP: 3/5
   236 | D:1      | Learned a level 2 spell: Wereblood
   380 | D:1      | Reached skill level 1 in Ice Magic
   625 | D:1      | Reached skill level 1 in Poison Magic
   831 | D:1      | Reached XP level 3. HP: 28/28 MP: 4/6
   837 | D:1      | Learned a level 3 spell: Spider Form
  1645 | D:2      | Noticed Jessica
  1652 | D:2      | Killed Jessica
  1653 | D:2      | Reached XP level 4. HP: 33/36 MP: 4/7
  2034 | D:3      | Found a stormy altar of Qazlal.
  2960 | D:4      | Found Ebauj's Armour Shoppe.
  3065 | D:4      | Found a staircase to the Ecumenical Temple.
  3066 | D:4      | Noticed a scorpion
  3078 | Temple   | Entered the Ecumenical Temple
  3101 | Temple   | Became a worshipper of Gozag Ym Sagoz the Greedy
  3311 | D:4      | Killed a scorpion
  3312 | D:4      | Reached skill level 3 in Spellcasting
  3312 | D:4      | Reached XP level 5. HP: 17/41 MP: 5/9
  3317 | D:4      | Learned a level 4 spell: Ice Form
  3897 | D:4      | Reached XP level 6. HP: 17/50 MP: 11/11
  4175 | D:4      | Reached skill level 4 in Spellcasting
  4478 | D:4      | Noticed a yak
  4830 | D:4      | Killed a yak
  4831 | D:4      | Reached skill level 1 in Stealth
  4831 | D:4      | Your scales start taking on a dull iron-grey colour.
  4831 | D:4      | Reached XP level 7. HP: 31/58 MP: 10/14
  5606 | D:4      | Learned a level 3 spell: Ignite Poison
  5609 | D:5      | Entered Level 5 of the Dungeon
  5636 | D:5      | Reached skill level 5 in Spellcasting
  6062 | D:4      | Learned a level 3 spell: Mephitic Cloud
  6463 | D:5      | Found a transporter.
  6466 | D:5      | Noticed Zeld's ghost (novice FoFi)
  6511 | D:5      | Found a transporter.
  6529 | D:5      | Reached skill level 1 in Fire Magic
  6532 | D:5      | Succumbed to a killer bee's poison

Illustrated notes

Levels and vault maps discovered:
D:1:      eino_arrival_water_star, layout_basic
D:2:      layout_basic, due_unseen_surprise, uniq_jessica
D:3:      layout_basic, nicolae_qazlal_eye_of_the_storm
D:4:      minmay_chambers_of_fours, layout_loops_corners,
          minmay_temple_entry_mini_moons, serial_shops,
          nicolae_shop_behind_doors
D:5:      layout_basic, gammafunk_ghost_arena, nicolae_wooded_promenade
Temple:   mainiacjoe_temple_archimedes_tessellation

Skill      XL: |  1  2  3  4  5  6  7 |
---------------+----------------------+-----
Ice Magic      | 1 2 |  2.0
Poison Magic   | 1 2 |  2.0
Fighting       | 2 3 4 |  4.2
Spellcasting   | 3 4 5 |  5.4
Transmutations | 3 4 |  4.2
Stealth        | 1 2 |  2.1
Fire Magic     | 1 |  1.1
Dodging        | |  1.7
Unarmed Combat | |  3.0
Conjurations   | |  0.6
Air Magic      | |  0.5

Action                   |  1- 3 |  4- 6 |  7- 9 || total
-------------------------+-------+-------+-------++-------
Melee: Unarmed           |    79 |   105 |    92 ||   276
       Kick              |    24 |    19 |     7 ||    50
       Tailslap          |     8 |     4 |     5 ||    17
       Headbutt          |     8 |    10 |     3 ||    21
       Punch             |       |     1 |     1 ||     2
 Cast: Beastly Appendage |    28 |    21 |     4 ||    53
       Spider Form       |       |     7 |     7 ||    14
       Ice Form          |       |       |     1 ||     1
  Use: Potion            |       |       |     2 ||     2
 Stab: Sleeping          |       |     1 |       ||     1
       Distracted        |       |     1 |       ||     1
Armor: Skin              |    30 |    24 |    21 ||    75
Dodge: Dodged            |    58 |    63 |    58 ||   179
